AoeStats
← Kanyaga

Arabia

508319859Analyzed
1v1 RM · 11d ago on Sep 21, 2026· 25m 30s· 2 players
Game mode
Random Map
Map size
Tiny (2 player)
Population
200
Speed
Normal
Resources
Standard
Victory
Conquest
Starting age
Dark Age
Ending age
Imperial Age
RankedLock teamsTeams togetherTeam positionsShared explorationLock speedFull tech treeHidden civsTurbo modeCheats
Victory
Defeat
🇦🇷 Persians · Argentina
1488
+18
🇹🇷 Dravidians · Türkiye
1531
-18
Pintor Austriaco
5:41 Loom
8:45 Feudal Age
9:50 Double-Bit Axe
11:02 Horse Collar
23:07 Castle Age
22:44 Bloodlines
23:14 Scale Barding Armor
24:25 Chain Barding Armor
24:05 Gold Mining
25:56 Husbandry
Kanyaga
3:50 Loom
15:04 Feudal Age
16:40 Wheelbarrow
20:24 Double-Bit Axe
22:11 Fletching
25:44 Castle Age
23:57 Padded Archer Armor
25:01 Gold Mining
Connection lost

Rejoining the realm…

Still unreachable

The connection could not be restored.

Session expired

The server has moved on; the page needs a fresh start.